 Dungeon Crawl Stone Soup version 0.22.0-18-ge075c0d (webtiles) character file.

2739 nicolaieve the Basher (level 9, -3/78 HPs)
             Began as a Minotaur Berserker on Aug 18, 2018.
             Was an Elder of Trog.
             Slain by a gargoyle
             ... wielding a +0 morningstar
              (15 damage)
             ... on level 7 of the Dungeon.
             The game lasted 00:28:14 (4448 turns).

nicolaieve the Basher (Minotaur Berserker)          Turns: 4448, Time: 00:28:15

Health: -3/78      AC:  9    Str: 22    XL:     9   Next: 40%
Magic:  8/8        EV: 15    Int:  9    God:    Trog [****..]
Gold:   420        SH:  0    Dex: 13    Spells: 8/8 levels left

rFire    . . .     SeeInvis .   g - +3 whip
rCold    . . .     Gourm    .   (no shield)
rNeg     . . .     Faith    .   k - +0 scale mail
rPois    .         Spirit   .   (helmet restricted)
rElec    .         Reflect  .   (no cloak)
rCorr    .         Harm     .   (no gloves)
MR       ++...                  y - +0 pair of boots
Stlth    ..........             (no amulet)
HPRegen  1.23/turn              m - +5 ring of intelligence
MPRegen  0.11/turn              o - +3 ring of evasion

@: berserk cooldown, regenerating, slowed, very slow
A: retaliatory headbutt, horns 2
a: Berserk, Trog's Hand, Brothers in Arms, Renounce Religion


You were on level 7 of the Dungeon.
You worshipped Trog.
Trog was greatly pleased with you.
You were near starving.

You visited 1 branch of the dungeon, and saw 7 of its levels.

You collected 420 gold pieces.

Inventory:

Hand Weapons
 g - a +3 whip (weapon)
 q - the +10 spear of the Shore {pierce, rF+ Int+6}
   (You took it off an orc on level 4 of the Dungeon)

   It inflicts extra damage upon your enemies.
   It affects your intelligence (+6).
   It protects you from fire.
Armour
 k - a +0 scale mail (worn)
 y - a +0 pair of boots (worn)
Jewellery
 m - a +5 ring of intelligence (left hand)
 o - a +3 ring of evasion (right hand)
Wands
 s - a wand of flame (25)
 x - a wand of iceblast (9)
 z - a wand of clouds (7)
Scrolls
 e - 2 scrolls of enchant armour {unknown}
 f - a scroll of magic mapping {unknown}
 h - 5 scrolls of remove curse
 i - a scroll of enchant weapon {unknown}
 l - 7 scrolls of teleportation {unknown}
 p - 3 scrolls of amnesia {unknown}
 v - a scroll of immolation {unknown}
 w - a scroll of random uselessness {unknown}
 A - a scroll of blinking {unknown}
 C - a scroll of fog {unknown}
Potions
 a - 2 potions of haste
 b - a potion of flight
 j - a potion of resistance
 n - 2 potions of might
 r - a potion of berserk rage {unknown}
 t - a potion of agility
 u - 4 potions of ambrosia {unknown}
Comestibles
 c - 7 rations
 B - 4 chunks of flesh


   Skills:
 + Level 6.4 Fighting
 - Level 12.0 Maces & Flails
 + Level 8.0 Armour
 + Level 4.1 Dodging


You had 8 spell levels left.
You didn't know any spells.
Your spell library was empty.

Dungeon Overview and Level Annotations

Branches:
Dungeon (7/15)             Temple (0/1) D:6

Altars:
Elyvilon
Kikubaaqudgha
Nemelex Xobeh


Innate Abilities, Weirdness & Mutations

You reflexively headbutt those who attack you in melee.
You have a pair of horns on your head.


Message History

You hit the gargoyle but do no damage. You headbutt the gargoyle.
The gargoyle is heavily damaged.
The gargoyle hits you with a morningstar!
* * * LOW HITPOINT WARNING * * *
You feel better.
The gargoyle hits you with a morningstar!!
* * * LOW HITPOINT WARNING * * *
Unknown command.
You hit the gargoyle but do no damage.
You headbutt the gargoyle, but do no damage.
The gargoyle is heavily damaged.
The gargoyle barely misses you.
Unknown command.
You whack the gargoyle!
The gargoyle is severely damaged.
Unknown command.
You hit the gargoyle but do no damage. You headbutt the gargoyle.
The gargoyle is almost destroyed.
The gargoyle hits you with a morningstar!
You die...

#...
#.###8...8###.#.#
.. ##...##8#...#
#+.....'###..#
#.......#8#..#
#+.......'##.:#
#....8....##..#
#+.......)##..#
#.......#(#..#
#+.....@###..#
##+.'##9# ###8 ##
##


You could see a gargoyle.

Vanquished Creatures
  A gargoyle (D:7)
  Sigmund (D:5)
  Eustachio (D:5)
  Duvessa (D:5)
  A sky beast (D:6)
  An ice beast (D:6)
  2 ogres (D:6)
  3 phantoms
  A centaur (D:7)
  Blork the orc (D:4)
  3 bullfrogs (D:6)
  A water moccasin zombie (D:6)
  3 scorpions
  Dowan (D:5)
  3 crimson imps
  3 orc priests (D:4)
  4 hounds
  A jelly (D:6)
  An iguana (D:6)
  5 worker ants
  A howler monkey zombie (D:7)
  2 gnolls (D:7)
  10 adders
  An adder zombie (D:5)
  An ooze (D:2)
  An adder skeleton (D:4)
  3 worms (D:2)
  5 leopard geckos
  21 orcs
  2 ball pythons
  12 bats
  2 giant cockroaches
  8 goblins
  7 hobgoblins
  3 jackals (D:3)
  4 quokkas
  6 frilled lizards
  6 kobolds
  3 leopard gecko skeletons
  A quokka skeleton (D:7)
  9 rats
146 creatures vanquished.

Vanquished Creatures (collateral kills)
  An orc warrior (D:6)
  A crimson imp (D:6)
  A hound (D:6)
  An orc priest (D:6)
  A leopard gecko (D:6)
5 creatures vanquished.

Grand Total: 151 creatures vanquished

Notes
Turn   | Place    | Note
-------+----------+-------------------------------------------
     0 | D:1      | nicolaieve the Minotaur Berserker began the quest for the Orb.
     0 | D:1      | Reached XP level 1. HP: 19/19 MP: 0/0
   119 | D:1      | Reached skill level 4 in Maces & Flails
   128 | D:1      | Reached XP level 2. HP: 17/26 MP: 1/1
   372 | D:1      | Reached ** piety under Trog
   573 | D:2      | Reached skill level 5 in Maces & Flails
   657 | D:2      | Reached XP level 3. HP: 31/31 MP: 2/2
  1578 | D:3      | Reached XP level 4. HP: 39/39 MP: 3/3
  1581 | D:3      | Reached skill level 6 in Maces & Flails
  1746 | D:3      | Reached *** piety under Trog
  2224 | D:4      | Noticed a phantom
  2233 | D:4      | Reached skill level 7 in Maces & Flails
  2233 | D:4      | Reached XP level 5. HP: 43/45 MP: 4/4
  2276 | D:4      | Killed a phantom
  2276 | D:4      | Reached skill level 8 in Maces & Flails
  2278 | D:4      | Reached XP level 6. HP: 21/51 MP: 5/5
  2494 | D:4      | Reached skill level 9 in Maces & Flails
  2559 | D:4      | Got an encrusted spear {pierce}
  2560 | D:4      | Identified the +10 spear of the Shore {pierce, rF+ Int+6} (You took it off an orc on level 4 of the Dungeon)
  2674 | D:4      | Reached XP level 7. HP: 47/57 MP: 6/6
  3038 | D:4      | Noticed Blork the orc
  3041 | D:4      | Killed Blork the orc
  3041 | D:4      | Reached skill level 10 in Maces & Flails
  3274 | D:5      | Entered Level 5 of the Dungeon
  3282 | D:5      | Found a white marble altar of Elyvilon.
  3283 | D:5      | Found an ancient bone altar of Kikubaaqudgha.
  3285 | D:5      | Found a sparkling altar of Nemelex Xobeh.
  3309 | D:5      | Noticed Duvessa
  3309 | D:5      | Noticed Dowan
  3316 | D:5      | Killed Dowan
  3324 | D:5      | Killed Duvessa
  3343 | D:5      | Noticed Sigmund
  3374 | D:5      | Killed Sigmund
  3374 | D:5      | Reached skill level 11 in Maces & Flails
  3463 | D:5      | Reached XP level 8. HP: 61/64 MP: 7/7
  3529 | D:5      | Noticed Eustachio
  3551 | D:5      | Killed Eustachio
  3551 | D:5      | Reached **** piety under Trog
  3551 | D:5      | Reached skill level 12 in Maces & Flails
  3804 | D:6      | Reached skill level 5 in Armour
  3855 | D:6      | Reached skill level 5 in Fighting
  3922 | D:6      | Reached XP level 9. HP: 43/74 MP: 8/8
  4102 | D:6      | Found a staircase to the Ecumenical Temple.
  4423 | D:7      | Noticed a gargoyle
  4430 | D:7      | Killed a gargoyle
  4439 | D:7      | Noticed a gargoyle
  4448 | D:7      | Slain by a gargoyle

Skill      XL: |  1  2  3  4  5  6  7  8  9 |
---------------+----------------------------+-----
Maces & Flails | 4 5 7 8 9 11 12 | 12.0
Armour         | 6 8 |  8.0
Fighting       | 5 6 |  6.4
Dodging        | 3 4 |  4.1

Action                   |  1- 3 |  4- 6 |  7- 9 || total
-------------------------+-------+-------+-------++-------
Melee: Whip              |    80 |   135 |   200 ||   415
       Mace              |     3 |       |       ||     3
       Headbutt          |    11 |    18 |    38 ||    67
Invok: Berserk           |       |     4 |     8 ||    12
       Trog's Hand       |       |     2 |     6 ||     8
       Brothers in Arms  |       |       |     1 ||     1
  Use: Scroll            |       |     6 |     2 ||     8
       Potion            |       |     1 |     3 ||     4
  Eat: Chunk             |     2 |     7 |    12 ||    21
       Ration            |       |       |     1 ||     1
Armor: Animal skin       |     2 |       |       ||     2
       Scale mail        |    19 |    33 |    31 ||    83
       Skin              |       |     3 |     8 ||    11
Dodge: Dodged            |    45 |    60 |   102 ||   207
